 Dungeon Crawl Stone Soup version 0.27-a0-679-g77a6b55cf3 (webtiles) character file.

Game seed: 819327953377873003

4 Aapotti the Grasshopper (level 1, -1/17 HPs)
             Began as a Demigod Warper on Mar 19, 2021.
             Slain by a kobold
             ... wielding a +0 dagger
              (3 damage)
             ... on level 1 of the Dungeon.
             The game lasted 00:01:12 (51 turns).

Aapotti the Grasshopper (Demigod Warper)              Turns: 51, Time: 00:01:13

Health: -1/17      AC:  3    Str: 12    XL:     1   Next: 46%
Magic:  5/5        EV: 11    Int: 15    God:
Gold:   0          SH:  0    Dex: 13    Spells: 3/3 levels left

rFire    . . .     SeeInvis .   a - +0 falchion
rCold    . . .     Faith    .   (no shield)
rNeg     . . .     Spirit   .   b - +0 leather armour
rPois    .         Reflect  .   (no helmet)
rElec    .         Harm     .   (no cloak)
rCorr    .         Rampage  .   (no gloves)
Will     .....                  (no boots)
Stlth    +.........             (no amulet)
HPRegen  0.05/turn              (no ring)
MPRegen  0.09/turn              (no ring)

@: no status effects
A: high mp 1, forlorn
a: no special abilities


You were on level 1 of the Dungeon.
You visited 1 branch of the dungeon, and saw 1 of its levels.

Inventory:

Hand Weapons
 a - a +0 falchion (weapon)
Missiles
 e - 5 boomerangs of dispersal (quivered)
Armour
 b - a +0 leather armour (worn)
Scrolls
 d - a scroll of blinking
Potions
 c - a potion of heal wounds {unknown}


   Skills:
 + Level 1.8 Fighting
 + Level 1.8 Long Blades
 + Level 0.9 Throwing
 + Level 1.0 Armour
 + Level 1.8 Dodging
 + Level 1.8 Spellcasting
 + Level 2.7 Translocations


You had 3 spell levels left.
You didn't know any spells.
Your spell library contained the following spells:

 Spells                   Type           Power      Damage    Failure   Level
 Blink                    Tloc           N/A        N/A       14%         2
 Gell's Gravitas          Tloc           4%         N/A       28%         3
 Lesser Beckoning         Tloc           4%         N/A       28%         3
 Teleport Other           Tloc           9%         N/A       28%         3
 Manifold Assault         Tloc           9%         N/A       67%         4


Dungeon Overview and Level Annotations

Branches:
Dungeon (1/15)


Innate Abilities, Weirdness & Mutations

Your attributes grow dramatically as you level up.
You have an increased reservoir of magic. (+10% MP)
You shall have no god before yourself.


Message History

You kill the jackal!
A kobold comes into view. It is wielding a +0 dagger.
The jackal bites you.
Your Armour skill increases to level 1!
You miss the jackal.
The jackal is almost dead.
The kobold shouts!
The jackal pauses to sniff the ground.
The jackal barely misses you.
You barely miss the jackal.
The jackal is almost dead.
The jackal bites you. x2
You hit the jackal.
You kill the jackal!
You closely miss the jackal. The jackal barely misses you.
You riposte.
You hit the jackal.
The jackal is severely wounded.
The jackal barely misses you.
You riposte.
You closely miss the jackal.
The jackal is severely wounded.
You hit the jackal.
You kill the jackal!
You hit the rat but do no damage. The rat misses you.
You riposte.
You slash the rat!
You kill the rat!
You miss the kobold. The kobold hits you but does no damage.
You closely miss the kobold. The kobold closely misses you.
You closely miss the kobold. The kobold hits you with a +0 dagger.
* * * LOW HITPOINT WARNING * * *
The kobold barely misses you.
You barely miss the kobold. The kobold barely misses you.
You barely miss the kobold. The kobold barely misses you.
You hit the kobold.
The kobold is severely wounded.
The kobold hits you with a +0 dagger.
* * * LOW HITPOINT WARNING * * *
You barely miss the kobold.
The kobold is severely wounded.
A jackal comes into view.
The kobold hits you with a +0 dagger.
You die...

#################
h.....K@.........
###..####'''#### #.
##8...8##
##.......##
♣#####.........#####
♣.......8...8.......
♣♣.................♣
♣................♣♣
♣♣♣♣♣..8.<.8....♣♣


You could see a jackal (wandering) and a kobold.

Vanquished Creatures
  3 jackals (D:1)
  A rat (D:1)
4 creatures vanquished.

Notes
Turn   | Place    | Note
-------+----------+-------------------------------------------
     0 | D:1      | Aapotti the Demigod Warper began the quest for the Orb.
     0 | D:1      | Reached XP level 1. HP: 17/17 MP: 5/5
    39 | D:1      | Reached skill level 1 in Armour
    51 | D:1      | Slain by a kobold

Illustrated notes

Levels and vault maps discovered:
D:1:      kennysheep_arrival_forest, layout_basic, serial_shops, shop

Skill      XL: |  1 |
---------------+----+-----
Armour         | 1 |  1.0
Fighting       | |  1.8
Long Blades    | |  1.8
Throwing       | |  0.9
Dodging        | |  1.8
Spellcasting   | |  1.8
Translocations | |  2.7

Action                   || total
-------------------------++-------
Melee: Falchion          ||    23
Armor: Leather armour    ||     4
Dodge: Dodged            ||    16
       Rpst.: Falchion   ||     4

Table legend: (Time is in decaauts)
 A = Elapsed time spent in this place.
 B = Non-inter-level travel time spent in this place.
 C = Inter-level travel time spent in this place.
 D = Time resting spent in this place.
 E = Time spent auto-exploring this place.
 F = Levels seen in this place.
 G = Mean time per level.
                   A        B        C        D        E       F      G
               +--------+--------+--------+--------+--------+-----+--------+
         Total |     56 |     56 |      0 |      0 |      5 |   1 |   56.0 |
       Dungeon |     56 |     56 |      0 |      0 |      5 |   1 |   56.0 |
               +--------+--------+--------+--------+--------+-----+--------+

Top non-repeatable levels by time:
     D:1: 56 daAuts
